 Dungeon Crawl Stone Soup version 0.30.1-11-g7821555f0a (webtiles) character file.

Game seed: 11340434635208656693

1614 Eitelfritz the Cleaver (level 8, -2/75 HPs)
             Began as a Hill Orc Fighter on Dec 28, 2023.
             Was an Elder of Uskayaw.
             Killed from afar by Sigmund (10 damage)
             ... with a puff of flame
             ... on level 6 of the Dungeon.
             The game lasted 00:10:12 (4943 turns).

Eitelfritz the Cleaver (Hill Orc Fighter)           Turns: 4943, Time: 00:10:15

Health: -2/75      AC: 13    Str: 21    XL:     8   Next: 96%
Magic:  12/12      EV: 10    Int:  8    God:    Uskayaw [****..]
Gold:   256        SH:  5    Dex: 10    Spells: 7/7 levels left

rFire   . . .        a - +1 war axe
rCold   . . .        k - +0 buckler
rNeg    . . .        B - +2 ring mail {Will+}
rPois   .            (no helmet)
rElec   .            l - +0 cloak
rCorr   .            (no gloves)
SInv    .            y - +2 pair of boots
Will    +....        (no amulet)
Stlth   +            (no ring)
HPRegen 0.32/turn    (no ring)
MPRegen 0.13/turn

%: no passive effects
@: mighty
A: no striking features
a: Renounce Religion, Stomp, Line Pass


You were on level 6 of the Dungeon.
You worshipped Uskayaw.
Uskayaw was noncommittal.
You visited 2 branches of the dungeon, and saw 7 of its levels.
You also visited: Sewer.

You collected 256 gold pieces.

Inventory:

Hand Weapons
 a - a +1 war axe (weapon)
 c - a +0 flail
 j - a +0 war axe of chaos
Missiles
 f - 15 poisoned darts (quivered)
Armour
 k - a +0 buckler (worn)
 l - a +0 cloak (worn)
 y - a +2 pair of boots (worn)
 B - a +2 ring mail of willpower (worn)
Jewellery
 u - a ring of fire
Scrolls
 b - 2 scrolls of magic mapping
 e - a scroll of amnesia
 h - a scroll of summoning
 m - a scroll of enchant armour
 x - 3 scrolls of teleportation
Potions
 g - a potion of ambrosia {unknown}
 i - a potion of invisibility {unknown}
 n - a potion of cancellation
 o - 2 potions of mutation
 q - a potion of brilliance
 r - 2 potions of flight
 s - 2 potions of lignification
 v - a potion of magic {unknown}
 w - a potion of berserk rage {unknown}
 z - a potion of attraction {unknown}


   Skills:
 + Level 8.3 Fighting
 + Level 9.7 Axes
 + Level 4.3 Ranged Weapons
 + Level 7.4 Armour
 + Level 1.3 Dodging
 + Level 0.7 Stealth
 + Level 7.4 Shields
 * Level 6.5 Invocations


You had 7 spell levels left.
You didn't know any spells.
Your spell library contained the following spells:

 Spells                   Type           Power      Damage    Failure   Level
 Slow                     Hex            0%         N/A       63%         1
 Summon Small Mammal      Summ           0%         N/A       63%         1
 Blink                    Tloc           0%         N/A       77%         2
 Ensorcelled Hibernation  Hex/Ice        0%         N/A       77%         2
 Lesser Beckoning         Tloc           0%         N/A       77%         2
 Momentum Strike          Conj/Tloc      0%         3d8       77%         2
 Passwall                 Tmut/Erth      0%         N/A       77%         2
 Call Canine Familiar     Summ           0%         N/A       94%         3
 Summon Guardian Golem    Hex/Summ       0%         N/A       94%         3
 Swiftness                Air            0%         N/A       94%         3
 Vhi's Electric Charge    Tloc/Air       0%         N/A       94%         3
 Arcjolt                  Conj/Air       0%         1d10      100%        5
 Maxwell's Capacitive Co  Air            0%         ∞         100%        8


Dungeon Overview and Level Annotations

Branches:
Dungeon (6/15)             Temple (1/1) D:5           Sewer (visited)

Altars:
Cheibriados
Dithmenos
Elyvilon
Fedhas
Kikubaaqudgha
Okawaru
Qazlal
Ru
Sif Muna
Trog
Uskayaw
Vehumet
Wu Jian
Xom
Yredelemnul
Zin

Shops:
D:4 :

Annotations:
D:6 Maggie, Sigmund


Message History

You block Sigmund's attack. The adder closely misses you.
You feel better. The centaur hits you.
* * * LOW HITPOINT WARNING * * *
The centaur closely misses you. You block Maggie's attack.
The centaur hits you but does no damage.
The centaur kicks you but does no damage.
The adder bites you but does no damage.
Unknown command.
You closely miss Maggie.
Maggie is moderately wounded.
You hit the centaur. You slash the adder!
You kill the adder!
The centaur hits you but does no damage.
The centaur kicks you but does no damage.
Sigmund misses you. Maggie barely misses you.
The centaur hits you but does no damage.
The centaur kicks you.
* * * LOW HITPOINT WARNING * * *
Uskayaw will force your foes to helplessly watch your dance.
Uskayaw prepares the audience for your solo!
The helpless Maggie fails to defend herself.
You slice Maggie!!
Maggie is almost dead.
The helpless centaur fails to defend itself.
You slice the centaur!!
You kill the centaur!
Sigmund is no longer paralysed.
Sigmund hits you from afar with a +3 scythe of pain.
* * * LOW HITPOINT WARNING * * *
You writhe in agony.
* * * LOW HITPOINT WARNING * * *
Uskayaw will force your foes to share their pain.
Uskayaw links your audience in an emotional bond!
The helpless Maggie fails to defend herself.
You hit Maggie.
Maggie is almost dead.
Maggie is no longer paralysed.
Sigmund gestures at you while chanting. The puff of flame hits you!
You die...

#.# #.. ##.# .. ##
#..# ... #.##
##.##. #.# #..?...
#.# ##.......
###.### #..@...(.
#.....#####†.......
#..........@@......
#.....#####.)......
#..>..# #........
####### ##.......
.?..... .......
....... $......


You could see Maggie (pain bonded) and Sigmund (pain bonded).

Vanquished Creatures
  Grinder (D:3)
  An ice beast (D:5)
  A phantom (D:6)
  A centaur (D:6)
  An ogre (D:5)
  3 scorpions (D:5)
  A ballistomycete (D:4)
  2 hounds (D:5)
  2 jellies
  2 gnoll boudas
  2 iguanas
  15 gnolls
  6 adders
  2 river rats (Sewer)
  3 worms
  5 dart slugs
  7 ball pythons
  8 endoplasms
  3 giant cockroaches
  7 goblins
  6 hobgoblins
  3 jackals (D:1)
  7 quokkas
  7 bats
  3 frilled lizards (Sewer)
  11 kobolds
  7 rats
117 creatures vanquished.

Vanquished Creatures (others)
  A ballistomycete spore (D:4)
1 creature vanquished.

Grand Total: 118 creatures vanquished

Notes
Turn   | Place    | Note
-------+----------+-------------------------------------------
     0 | D:1      | Eitelfritz the Hill Orc Fighter began the quest for the
                  | Orb.
     0 | D:1      | Reached XP level 1. HP: 19/19 MP: 1/1
     3 | D:1      | Noticed an electric eel
     4 | D:1      | Noticed an electric eel
   139 | D:1      | Reached XP level 2. HP: 27/27 MP: 2/2
   278 | D:1      | Found a faded altar of an unknown god.
   286 | D:1      | Got Plato's Encyclopedia of the Evil Eye
   751 | D:1      | Reached skill level 3 in Axes
   775 | D:1      | Reached XP level 3. HP: 31/33 MP: 3/3
  1015 | D:1      | Reached XP level 4. HP: 23/41 MP: 4/4
  1592 | D:3      | Noticed Grinder
  1601 | D:3      | Killed Grinder
  1602 | D:3      | Reached skill level 5 in Axes
  1602 | D:3      | Reached XP level 5. HP: 10/47 MP: 5/5
  1602 | D:3      | Reached XP level 6. HP: 12/55 MP: 6/6
  1652 | D:3      | Found a glowing drain.
  1677 | Sewer    | Entered a sewer
  1826 | Sewer    | Reached skill level 1 in Dodging
  2415 | D:3      | Reached skill level 5 in Fighting
  2938 | D:3      | Found a blossoming altar of Fedhas.
  3105 | D:3      | Reached skill level 8 in Axes
  3105 | D:3      | Reached XP level 7. HP: 67/67 MP: 6/11
  3434 | D:4      | Found a stormy altar of Qazlal.
  3503 | D:4      | Found a bloodstained altar of Trog.
  3563 | D:4      | Found Nagalete's Book Shop.
  3961 | D:5      | Entered Level 5 of the Dungeon
  4012 | D:5      | Reached skill level 9 in Axes
  4012 | D:5      | Reached XP level 8. HP: 62/74 MP: 12/12
  4229 | D:5      | Found a shimmering blue altar of Sif Muna.
  4405 | D:5      | Found a white marble altar of Elyvilon.
  4527 | D:5      | Found a staircase to the Ecumenical Temple.
  4536 | Temple   | Entered the Ecumenical Temple
  4558 | Temple   | Became a worshipper of Uskayaw the Reveller
  4614 | D:5      | Reached * piety under Uskayaw
  4792 | D:6      | Reached ** piety under Uskayaw
  4793 | D:6      | Reached *** piety under Uskayaw
  4797 | D:6      | Reached **** piety under Uskayaw
  4802 | D:6      | Reached ***** piety under Uskayaw
  4924 | D:6      | Noticed Sigmund
  4924 | D:6      | Noticed Maggie
  4943 | D:6      | Killed from afar by Sigmund

Illustrated notes

Levels and vault maps discovered:
D:1:      arrival_aquarium_b, layout_loops_corners,
          shapermc_ecumenical_altar_rom_forum
D:2:      layout_rooms, serial_glass, glass_columns_a, glass_columns_a,
          glass_columns_a, glass_columns_b, due_unseen_surprise,
          feat_on_display, item_on_display_a, item_on_display_b
D:3:      minmay_skewed_foursquare, layout_rooms, fedhas_altar_fruit_tree,
          portal_sewer_entry_f, kennysheep_flooded_box, chequers_arboretum,
          dreamdust_mushroom_princess, dk_noncrumbling_2, uniq_grinder
D:4:      layout_rooms, lemuel_tele_altar, grunt_qazlal_sundering, serial_shops,
          shop, st_stairs_7, chequers_serial_rivers_large_b,
          hangedman_feature_mirror, minmay_misc_feat_plants, grunt_ministairs_5,
          reono_crystal_passage
D:5:      layout_gridville, amcnicky_altar_gilded,
          nicolae_elyvilon_peaceful_grove, temple_hall
D:6:      layout_rooms, uniq_sigmund, uniq_maggie
Temple:   hellmonk_temple_of_storms

Skill      XL: |  1  2  3  4  5  6  7  8 |
---------------+-------------------------+-----
Fighting       | 4 7 8 |  8.3
Axes           | 3 5 8 9 |  9.7
Shields        | 4 7 |  7.4
Armour         | 4 7 |  7.4
Dodging        | 1 |  1.3
Ranged Weapons | 4 |  4.3
Invocations    | 6 |  6.5
Stealth        | |  0.7

Action                     |  1- 3 |  4- 6 |  7- 9 || total
---------------------------+-------+-------+-------++-------
  Melee: War axe           |    63 |   131 |   141 ||   335
    Use: Potion            |       |     2 |     4 ||     6
         Scroll            |       |     5 |    15 ||    20
   Stab: Paralysed         |       |       |     5 ||     5
 Armour: Scale mail        |    30 |    54 |       ||    84
         Ring mail         |       |     7 |    86 ||    93
  Dodge: Dodged            |    51 |    76 |    80 ||   207
  Block: Buckler           |    23 |    32 |    42 ||    97
